 Dungeon Crawl Stone Soup version 0.19.0-19-g8c6edcc (webtiles) character file.

5303 nikopol the Thaumaturge (level 10, -1/54 HPs)
             Began as a Gargoyle Earth Elementalist on Nov 12, 2016.
             Was a Priest of Vehumet.
             Slain by a spiny frog (15 damage)
             ... on level 1 of the Lair of Beasts.
             The game lasted 00:59:31 (11091 turns).

nikopol the Thaumaturge (GrEE)                     Turns: 11091, Time: 00:59:31

Health: -1/54      AC: 17    Str: 11    XL:     10   Next: 63%
Magic:  5/24       EV: 12    Int: 20    God:    Vehumet [***...]
Gold:   60         SH:  0    Dex: 10    Spells: 4 memorised, 19 levels left

rFire  x . .     SeeInvis .     K - +4 flail (protect)
rCold  + . .     Gourm    .     E - +2 robe {MR+}
rNeg   + . .     Faith    .     (no shield)
rPois  ∞         Spirit   .     J - +0 helmet
rElec  +         Reflect  .     T - +2 cloak {+Inv}
rCorr  .         Harm     .     w - +0 pair of gloves
MR     +....                    B - +0 pair of boots
Stlth  ++........               l - amulet of regeneration
                                (no ring)
                                Q - ring of ice

@: no status effects
A: negative energy resistance 1, electricity resistance, unbreathing,
petrification resistance, rot immunity, AC +7
a: Renounce Religion, Evoke Invisibility


You were on level 1 of the Lair of Beasts.
You worshipped Vehumet.
Vehumet was most pleased with you.
You were not hungry.

You visited 3 branches of the dungeon, and saw 11 of its levels.

You collected 564 gold pieces.
You spent 504 gold pieces at shops.

Inventory:

Hand Weapons
 K - a +4 flail of protection (weapon)
Missiles
 b - 265 stones (quivered)
Armour
 m - a +0 buckler
 w - a +0 pair of gloves (worn)
 B - a +0 pair of boots (worn)
 E - a +2 robe of magic resistance (worn)
 J - a +0 helmet (worn)
 T - a +2 cloak of invisibility (worn)
Magical Staves
 z - an uncursed staff of summoning
Jewellery
 l - an amulet of regeneration (around neck)
 Q - a ring of ice (left hand)
Wands
 I - a wand of acid (9/15)
 L - a wand of iceblast (2/15)
 R - a wand of digging (11/24)
 S - a wand of paralysis (14/24)
 U - a wand of paralysis (7/24)
Scrolls
 h - a scroll of enchant weapon {unknown}
 p - a scroll of fear {unknown}
 s - a scroll of random uselessness {unknown}
 v - 3 scrolls of remove curse
 A - 4 scrolls of teleportation {unknown}
 C - a scroll of enchant armour {unknown}
 D - a scroll of amnesia {unknown}
 F - 2 scrolls of immolation {unknown}
 H - a scroll of holy word {unknown}
 M - a scroll of recharging {unknown}
 O - a scroll of fog {unknown}
Potions
 g - 5 potions of invisibility
 j - a potion of brilliance {unknown}
 n - a potion of cancellation {unknown}
 o - 5 potions of curing
 x - 3 potions of agility
 G - a potion of flight {unknown}
Books
 a - a book of Air

   Spells                             Type                      Level
   a - Shock                          Conjuration/Air              1
   b - Swiftness                      Charms/Air                   2
   c - Repel Missiles                 Charms/Air                   2
   d - Static Discharge               Conjuration/Air              3
   e - Lightning Bolt                 Conjuration/Air              5
 e - a book of Geomancy

   Spells                             Type                      Level
   a - Sandblast                      Earth                        1
   b - Passwall                       Transmutation/Earth          2
   c - Stone Arrow                    Conjuration/Earth            3
   d - Petrify                        Transmutation/Earth          4
   e - Lee's Rapid Deconstruction     Earth                        5
Comestibles
 d - 6 bread rations
 q - 5 meat rations
 r - a slice of pizza
 t - a fruit
 N - 2 beef jerkies
 V - 5 chunks of flesh


   Skills:
 + Level 2.5 Fighting
 + Level 2.2 Maces & Flails
 + Level 2.8 Dodging
 - Level 2.1 Stealth
 * Level 10.8 Spellcasting
   Level 0.7 Transmutations
 + Level 2.1 Fire Magic
 + Level 10.5 Earth Magic
 + Level 2.2 Evocations


You had 19 spell levels left.
You knew the following spells:

 Your Spells              Type           Power        Failure   Level  Hunger
a - Sandblast             Erth           ######       1%          1    None
b - Stone Arrow           Conj/Erth      ####..       1%          3    None
c - Lee's Rapid Deconstr  Erth           ######....   1%          5    ####...
d - Throw Flame           Conj/Fire      ###...       2%          2    None


Dungeon Overview and Level Annotations

Branches:
Dungeon (9/15)             Temple (1/1) D:5            Lair (1/6) D:9
    Orc (0/2) D:9

Altars:
Ashenzari
Cheibriados
Dithmenos
Elyvilon
Fedhas
Gozag
Hepliaklqana
Kikubaaqudgha
Makhleb
Nemelex Xobeh
Okawaru
Qazlal
Ru
Sif Muna
Trog
Uskayaw
Vehumet
Xom
Yredelemnul
Zin
The Shining One

Shops:
D:7 [


Innate Abilities, Weirdness & Mutations

You are resistant to torment.
Your stone body is resilient. (AC +7)
You are immune to poison.
You resist negative energy. (rN+)
You are resistant to electric shocks. (rElec)
You can survive without breathing.
You are immune to petrification.
You are immune to rotting.


Message History

The spiny frog stings you but does no damage.
The spiny frog misses you. The spiny frog stings you.
The spiny frog stings you but does no damage.
Found 17 bolts and a scroll labeled NOESTR EFOMY.
The spiny frog stings you!
The spiny frog stings you but does no damage.
The spiny frog stings you. The spiny frog stings you!
The spiny frog stings you!
* * * LOW HITPOINT WARNING * * *
Casting: Stone Arrow
Confirm with . or Enter, or press ? or * to list all spells.
Aiming: Stone Arrow
Press: ? - help, Shift-Dir - straight line, f/p - spiny frog
Aim: a spiny frog The stone arrow hits the spiny frog.
The spiny frog is heavily wounded.
The spiny frog stings you!
You die...

P.## #...## ##.... #.#... ......
## #.#.## #..P.. .. ##.#.# #.#.
#>.##.. #. ##..#÷## ##(... #..
#.###.#.#..# #..#..#####.####
#.#.l.......
#....##.#.#.##.#####.........##
##....##.......@F.##.#......#...
##P....#..#.#..###.###...........
..........###.## #.##.........###
#.#.#...###..# #............#
#...### ##.# ####.........#
#...######.# #.#>...[..##
#.#........# ###P......#
####.#..####### ###...#.#
....#.### ###.#.P#


You could see a spiny frog.

Vanquished Creatures
  Fannar (Lair:1)
  A cyclops (D:8)
  A hippogriff (D:8)
  Sigmund (D:2)
  A wyvern (D:8)
  The ghost of Frank the Cudgeler, an amateur GrGl (D:4)
  3 porcupines (Lair:1)
  3 orc warriors
  An ogre (D:6)
  A phantom (D:8)
  A sky beast (D:6)
  3 centaurs
  7 bullfrogs
  A wyvern skeleton (D:9)
  3 scorpions
  6 killer bees (D:9)
  4 howler monkeys
  2 electric eels (Lair:1)
  4 crimson imps
  6 hounds
  2 quasits (D:8)
  7 orc priests
  3 iguanas
  11 orc wizards
  Terence (D:3)
  2 worker ants
  A hound skeleton (D:7)
  2 worker ant zombies
  4 gnolls (D:8)
  14 adders
  2 shadow imps
  An adder zombie (D:8)
  An adder skeleton (D:3)
  3 worms
  A dart slug (D:2)
  7 leopard geckos
  20 orcs
  8 bats
  4 giant cockroaches
  9 goblins
  3 hobgoblins
  18 jackals
  6 quokkas
  4 ball pythons
  8 frilled lizards
  8 kobolds
  A quokka skeleton (D:5)
  10 rats
212 creatures vanquished.

Notes
Turn   | Place    | Note
-------+----------+-------------------------------------------
     0 | D:1      | nikopol the Gargoyle Earth Elementalist began the quest for the Orb.
     0 | D:1      | Reached XP level 1. HP: 10/10 MP: 3/3
   125 | D:1      | Reached XP level 2. HP: 10/15 MP: 1/5
   275 | D:1      | Found a shimmering altar of Xom.
   890 | D:2      | Reached XP level 3. HP: 19/19 MP: 5/7
   895 | D:2      | Learned a level 3 spell: Stone Arrow
  1700 | D:2      | Noticed Sigmund
  2065 | D:2      | Killed Sigmund
  2065 | D:2      | Reached skill level 5 in Earth Magic
  2065 | D:2      | Reached XP level 4. HP: 16/24 MP: 0/10
  2065 | D:2      | Reached XP level 5. HP: 19/28 MP: 0/11
  2411 | D:3      | Reached XP level 6. HP: 31/32 MP: 2/12
  2419 | D:3      | Learned a level 5 spell: Lee's Rapid Deconstruction
  2428 | D:3      | Noticed Terence
  2606 | D:3      | Killed Terence
  2869 | D:3      | Reached skill level 5 in Spellcasting
  3509 | D:3      | Reached XP level 7. HP: 18/36 MP: 1/15
  3816 | D:4      | Noticed Frank's ghost (amateur GrGl)
  3846 | D:4      | Killed Frank's ghost
  4382 | D:5      | Entered Level 5 of the Dungeon
  4786 | D:5      | Found a staircase to the Ecumenical Temple.
  4805 | Temple   | Entered the Ecumenical Temple
  4815 | Temple   | Became a worshipper of Vehumet
  5686 | D:6      | Reached XP level 8. HP: 22/41 MP: 5/18
  6447 | D:7      | Reached * piety under Vehumet
  6447 | D:7      | Offered knowledge of Flame Tongue by Vehumet.
  6864 | D:7      | Found Piysuv's Antique Armour Shop.
  6886 | D:7      | Bought a shiny helmet for 252 gold pieces
  7489 | D:7      | Reached XP level 9. HP: 38/45 MP: 21/21
  8318 | D:8      | Reached ** piety under Vehumet
  8344 | D:8      | Noticed a cyclops
  8467 | D:8      | Offered knowledge of Throw Flame by Vehumet.
  8564 | D:8      | Killed a cyclops
  8564 | D:8      | Reached skill level 10 in Spellcasting
  9122 | D:8      | Learned a level 2 spell: Throw Flame
  9188 | D:8      | Reached skill level 10 in Earth Magic
  9253 | D:8      | Reached XP level 10. HP: 51/51 MP: 2/24
  9253 | D:8      | Reached skill level 1 in Fire Magic
  9562 | D:8      | Reached skill level 1 in Evocations
  9812 | D:9      | Reached skill level 1 in Fighting
  9951 | D:9      | Offered knowledge of Searing Ray by Vehumet.
  9983 | D:9      | Reached skill level 1 in Maces & Flails
 10331 | D:9      | Found a staircase to the Orcish Mines.
 10336 | D:9      | Found a staircase to the Lair.
 10665 | D:7      | Bought a runed cloak for 252 gold pieces
 10761 | Lair:1   | Entered Level 1 of the Lair of Beasts
 10912 | Lair:1   | Reached *** piety under Vehumet
 11020 | Lair:1   | Noticed Fannar
 11044 | Lair:1   | Noticed a spiny frog
 11049 | Lair:1   | Killed Fannar
 11091 | Lair:1   | Slain by a spiny frog

Skill      XL: |  1  2  3  4  5  6  7  8  9 10 |
---------------+-------------------------------+-----
Earth Magic    | 4 5 6 7 8 10 | 10.5
Spellcasting   | 4 5 6 8 10 | 10.8
Fire Magic     | 2 |  2.1
Evocations     | 2 |  2.2
Fighting       | 2 |  2.5
Maces & Flails | 2 |  2.2
Dodging        | 2 |  2.8
Stealth        | |  2.1
Transmutations | |  0.7

Action                   |  1- 3 |  4- 6 |  7- 9 | 10-12 || total
-------------------------+-------+-------+-------+-------++-------
Melee: Dagger            |    41 |    53 |    90 |     2 ||   186
       Staff             |       |       |     8 |       ||     8
       Flail             |       |       |       |    26 ||    26
 Cast: Sandblast         |    51 |    70 |    70 |       ||   191
       Stone Arrow       |     1 |    13 |    99 |    46 ||   159
       Lee's Rapid Decon |       |       |    17 |     7 ||    24
  Use: Scroll            |       |       |       |     7 ||     7
 Stab: Sleeping          |     2 |       |       |       ||     2
  Eat: Chunk             |     2 |     3 |    20 |     7 ||    32
       Bread ration      |       |     1 |       |       ||     1
       Fruit             |       |       |     1 |       ||     1
       Pizza             |       |       |     1 |       ||     1
Armor: Robe              |    12 |    38 |    71 |    30 ||   151
Dodge: Dodged            |    40 |    68 |   126 |    29 ||   263
